 Dungeon Crawl Stone Soup version 0.17-a0-2093-gc772f4b (webtiles) character file.

164 ololoev the Chopper (level 5, 4/41 HPs)
             Began as a Demonspawn Fighter on Oct 16, 2015.
             Quit the game on level 4 of the Dungeon.
             The game lasted 00:01:28 (204 turns).

ololoev the Chopper (Demonspawn Fighter)             Turns: 204, Time: 00:01:28

Health: 4/41       AC:  8    Str: 22    XL:     5   Next: 21%
Magic:  5/5        EV:  7    Int:  9    God:
Gold:   9          SH:  9    Dex: 15    Spells: 0 memorised, 4 levels left

rFire  . . .     SeeInvis .     a - +0 war axe
rCold  + . .     Clarity  .     b - +0 scale mail
rNeg   . . .     SustAt   .     c - +0 shield
rPois  .         Gourm    .     (no helmet)
rElec  .         Spirit   .     (no cloak)
rCorr  .         Warding  .     m - +0 pair of gloves
rMut   .         Stasis   .     (no boots)
MR     .....                    (no amulet)
Stlth  +++.......               (no ring)
                                (no ring)

@: mighty, not resistant to hostile enchantments, fairly stealthy
A: thin skeletal structure 1, cold resistance 1, nightstalker 2
a: no special abilities


Innate Abilities, Weirdness & Mutations

You have a somewhat thin skeletal structure (Dex +2, Stealth).
Your flesh is cold resistant.
You are significantly more attuned to the shadows.

Inventory:

Hand Weapons
 a - a +0 war axe (weapon)
Armour
 b - a +0 scale mail (worn)
 c - a +0 shield (worn)
 m - a +0 pair of gloves (worn)
Scrolls
 f - a scroll of amnesia {unknown}
 g - a scroll of identify {unknown}
 h - a scroll of fog {unknown}
 j - a scroll of blinking {unknown}
 k - a scroll of random uselessness {unknown}
Comestibles
 e - a bread ration
 l - 2 chunks of flesh


   Skills:
 - Level 3.0 Fighting
 * Level 4.1 Axes
 + Level 3.9 Armour
 - Level 2.6 Shields


You had 4 spell levels left.
You didn't know any spells.


You were on level 4 of the Dungeon.
You were not hungry.

You visited 1 branch of the dungeon, and saw 4 of its levels.

You collected 9 gold pieces.

####.##.
#@......
#.##.###
...
...##
.#.##
.##. ..
..

Notes
Turn   | Place    | Note
--------------------------------------------------------------
     0 | D:1      | ololoev the Demonspawn Fighter began the quest for the Orb.
     0 | D:1      | Reached XP level 1. HP: 18/18 MP: 1/1
    78 | D:2      | Found a sparkling altar of Nemelex Xobeh.
   141 | D:2      | Gained mutation: You are slightly more attuned to the shadows. [demonic ancestry]
   141 | D:2      | Reached XP level 2. HP: 16/24 MP: 2/2
   162 | D:3      | Gained mutation: You have a somewhat thin skeletal structure (Dex +2, Stealth). [demonic ancestry]
   162 | D:3      | Reached XP level 3. HP: 19/29 MP: 3/3
   193 | D:4      | Noticed ololoev's ghost (amateur DsFi)
   203 | D:4      | Killed ololoev's ghost
   203 | D:4      | Reached skill level 4 in Axes
   203 | D:4      | Gained mutation: Your flesh is cold resistant. [demonic ancestry]
   203 | D:4      | Reached XP level 4. HP: 4/35 MP: 4/4
   203 | D:4      | Gained mutation: You are significantly more attuned to the shadows. [demonic ancestry]
   203 | D:4      | Reached XP level 5. HP: 4/41 MP: 5/5
   204 | D:4      | Quit the game

Dungeon Overview and Level Annotations

Branches:
Dungeon (4/15)
 Temple: D:4-7

Altars:
Nemelex Xobeh


Message History

There is an entrance to a sewer on this level.
Hurry and find it before the portal rusts away!
Ololoev's ghost (amateur Demonspawn Fighter) comes into view.
There is a stone staircase leading up here.
Drink which item? (? for menu, Esc to quit)
You feel very mighty all of a sudden.
Ololoev's ghost turns its malevolent gaze towards you.
Drink which item? (? for menu, Esc to quit)
You feel mightier all of a sudden.
Ololoev's ghost wails.
Drink which item? (? for menu, Esc to quit)
You feel better.
Ololoev's ghost hits you but does no damage.
You hit ololoev's ghost but do no damage.
Ololoev's ghost hits you. Ololoev's ghost hits you!
You hit ololoev's ghost.
Ololoev's ghost is lightly damaged.
You block ololoev's ghost's attack.
You hit ololoev's ghost.
Ololoev's ghost is lightly damaged.
You block ololoev's ghost's attack. x2
You slice ololoev's ghost!!
Ololoev's ghost is severely damaged.
Ololoev's ghost hits you but does no damage.
You barely miss ololoev's ghost.
Ololoev's ghost is severely damaged.
Ololoev's ghost hits you but does no damage.
Ololoev's ghost closely misses you.
You slash ololoev's ghost!
Ololoev's ghost is almost destroyed.
You block ololoev's ghost's attack. Ololoev's ghost hits you.
You slice ololoev's ghost!!
You destroy ololoev's ghost!
Your Axes skill gained 2 levels and is now at level 4!
You have reached level 4!
You feel agile.
Your demonic ancestry asserts itself...
You feel resistant to cold.
You have reached level 5!
Your demonic ancestry asserts itself...
You slip further into the darkness.
Are you sure you want to abandon this character and quit the game? (Confirm with "yes".)

There were no monsters in sight!

Vanquished Creatures
  The ghost of ololoev the Chopper, an amateur DsFi (D:4)
  2 adders
  A worm (D:3)
  3 bats
  3 hobgoblins
  4 jackals (D:3)
  A goblin (D:2)
  A kobold (D:1)
  A rat (D:3)
17 creatures vanquished.

Action                   |  1- 3 |  4- 6 || total
-------------------------+-------+-------++-------
Melee: War axe           |    40 |       ||    40
  Use: Potion            |     4 |       ||     4

Vault maps used:
D:1:      dpeg_arrival_houses_and_road, hangedman_decor_clover_reticule
D:2:      nemelex_xobeh_ov_fountains_minmay, serial_corexii_hall,
          corexii_hall_statues_l, corexii_hall_statues_i
D:3:      overflow_temple_1_default
D:4:      gup_sewer_entry_bubbles, lemuel_blue_sif_altar
